 Dungeon Sprint DCSS version 0.19.0-24-gb05acd6 (webtiles) character file.

623 igo the Basher (level 7, -4/130 HPs)
             Began as an Ogre Berserker on Nov 22, 2016.
             Was a Priest of Trog.
             Succumbed to Sonja's poison
             ... in the Dungeon (Sprint I: "Red Sonja").
             The game lasted 00:02:10 (381 turns).

igo the Basher (Ogre Berserker)                      Turns: 381, Time: 00:02:11

Health: -4/130     AC:  3    Str: 28    XL:     7   Next: 47%
Magic:  7/7        EV: 13    Int:  6    God:    Trog [***...]
Gold:   297        SH:  0    Dex: 11    Spells: 0 memorised, 6 levels left

rFire  . . .     SeeInvis .     j - +0 giant club
rCold  . . .     Gourm    .     b - +0 animal skin
rNeg   . . .     Faith    .     (shield currently unavailable)
rPois  .         Spirit   .     (helmet restricted)
rElec  .         Reflect  .     (no cloak)
rCorr  .         Harm     .     (gloves unavailable)
MR     .....     NoTele   +     (boots unavailable)
Stlth  ..........               (no amulet)
                                (no ring)
                                (no ring)

@: berserking (expiring), lethally poisoned (-4 -> -144), slowed
A: unfitting armour, tough skin 1
a: Berserk, Trog's Hand, Burn Spellbooks, Renounce Religion


You were in the Dungeon.
You worshipped Trog.
Trog was most pleased with you.
You were not hungry.

You visited 1 branch You collected 297 gold pieces.

Inventory:

Hand Weapons
 a - a +0 mace
 j - a +0 giant club (weapon)
Armour
 b - a +0 animal skin (worn)
Scrolls
 c - a scroll of fog {unknown}
 i - a scroll of blinking
Potions
 d - a potion of curing
 e - a potion of heal wounds
 f - a potion of haste
 g - 2 potions of magic
 h - a potion of berserk rage
Comestibles
 k - 3 chunks of flesh


   Skills:
 + Level 10.8 Fighting
 * Level 14.3 Maces & Flails
 + Level 7.7 Dodging


You had 6 spell levels left.
You didn't know any spells.

Dungeon Overview and Level Annotations

Branches:
Dungeon (1/1)

Altars:
Cheibriados
Dithmenos
Elyvilon
Fedhas
Gozag
Hepliaklqana
Kikubaaqudgha
Makhleb
Nemelex Xobeh
Okawaru
Qazlal
Ru
Sif Muna
Trog
Uskayaw
Vehumet
Xom
Yredelemnul
Zin
The Shining One
Jiyva
Lugonu

Shops:
D (

Annotations:
D Sonja


Innate Abilities, Weirdness & Mutations

You are too large for most types of armour.
You have tough skin. (AC +1)


Message History

Sonja bows elegantly.
Sonja hits you with an uncursed short sword of venom!
* * * LOW HITPOINT WARNING * * *
You are more poisoned.
Sonja hits you with an uncursed short sword of venom.
* * * LOW HITPOINT WARNING * * *
You are more poisoned.
Sonja hits you but does no damage.
You are more poisoned.
Sonja hits you with an uncursed short sword of venom.
* * * LOW HITPOINT WARNING * * *
You are more poisoned.
Sonja hits you with an uncursed short sword of venom.
* * * LOW HITPOINT WARNING * * *
You are more poisoned.
Sonja hits you with an uncursed short sword of venom.
* * * LOW HITPOINT WARNING * * *
You are more poisoned.
You barely miss Sonja.
You die...

#..'..#..').#..'..+
#..#####'#####'#__#
#..####..#...#[####
#..#__####..##.#
#..#_____##'#..+
#⌠⌠#_.∩...'..._#
####_..__##_(#+#
#_____###(# #######
#@# +$.K+ #$.$#
##.## #+#


You could see Sonja.

Vanquished Creatures
  A slime creature (D)
  A yak (D)
  Sigmund (D)
  An ogre (D)
  A jelly (D)
  Ijyb (D)
6 creatures vanquished.

Notes
Turn   | Place    | Note
-------+----------+-------------------------------------------
     0 | D        | igo the Ogre Berserker began the quest for the Orb.
     0 | D        | Reached XP level 1. HP: 24/24 MP: 1/1
     1 | D        | Noticed Ijyb
    24 | D        | Killed Ijyb
    24 | D        | Reached skill level 5 in Fighting
    24 | D        | Reached skill level 6 in Maces & Flails
    24 | D        | Reached XP level 2. HP: 21/35 MP: 2/2
    24 | D        | Reached XP level 3. HP: 25/42 MP: 3/3
   139 | D        | Noticed an ogre
   143 | D        | Killed an ogre
   143 | D        | Reached skill level 9 in Maces & Flails
   143 | D        | Reached XP level 4. HP: 55/55 MP: 4/4
   195 | D        | Noticed Sigmund
   199 | D        | Killed Sigmund
   199 | D        | Reached ** piety under Trog
   199 | D        | Reached skill level 11 in Maces & Flails
   199 | D        | Reached XP level 5. HP: 66/66 MP: 5/5
   199 | D        | Reached XP level 6. HP: 74/74 MP: 6/6
   262 | D        | Found a burning altar of Makhleb.
   262 | D        | Found a viscous altar of Jiyva.
   262 | D        | Found a shimmering altar of Xom.
   262 | D        | Found a corrupted altar of Lugonu.
   262 | D        | Noticed a slime creature
   267 | D        | Killed a slime creature
   267 | D        | Reached skill level 10 in Fighting
   267 | D        | Reached skill level 13 in Maces & Flails
   267 | D        | Reached XP level 7. HP: 85/85 MP: 7/7
   330 | D        | Found a deep blue altar of Sif Muna.
   332 | D        | Found a radiant altar of Vehumet.
   341 | D        | Found Miom's Weapon Emporium.
   341 | D        | Found an ancient bone altar of Kikubaaqudgha.
   341 | D        | Found a stormy altar of Qazlal.
   341 | D        | Found a blossoming altar of Fedhas.
   341 | D        | Found a bloodstained altar of Trog.
   341 | D        | Found an iron altar of Okawaru.
   341 | D        | Found a glowing golden altar of the Shining One.
   341 | D        | Found a glowing silver altar of Zin.
   341 | D        | Found a white marble altar of Elyvilon.
   341 | D        | Noticed a yak
   342 | D        | Found a hazy altar of Hepliaklqana.
   342 | D        | Found a hide-covered altar of Uskayaw.
   342 | D        | Found a basalt altar of Yredelemnul.
   342 | D        | Found an opulent altar of Gozag.
   342 | D        | Found a snail-covered altar of Cheibriados.
   342 | D        | Found a sacrificial altar of Ru.
   342 | D        | Found a shadowy altar of Dithmenos.
   345 | D        | Killed a yak
   345 | D        | Reached *** piety under Trog
   345 | D        | Reached skill level 14 in Maces & Flails
   346 | D        | Found a sparkling altar of Nemelex Xobeh.
   372 | D        | Noticed Sonja
   380 | D        | HP: 4/130 [Sonja/uncursed short sword of venom (3)]
   381 | D        | Succumbed to Sonja's poison

Skill      XL: |  1  2  3  4  5  6  7 |
---------------+----------------------+-----
Fighting       | 5 7 8 10 | 10.8
Maces & Flails | 6 9 11 13 14 | 14.3
Dodging        | 3 4 6 7 |  7.7

Action                   |  1- 3 |  4- 6 |  7- 9 || total
-------------------------+-------+-------+-------++-------
Melee: Mace              |    23 |       |       ||    23
       Giant club        |       |     4 |     8 ||    12
Invok: Berserk           |     2 |     2 |     1 ||     5
  Eat: Bread ration      |       |       |     1 ||     1
Armor: Animal skin       |       |       |     1 ||     1
Dodge: Dodged            |     9 |     2 |     4 ||    15
